 Dungeon Crawl Stone Soup version 0.31-a0-1237-gabc64e778c (webtiles) character file.

Game seed: 991161169891292343

11790 Skeral the Gouger (level 11, -3/66 HPs)
             Began as a Felid Shapeshifter on Dec 13, 2023.
             Was an Initiate of Gozag.
             Slain by Sonja
             ... wielding a +2 short sword of distortion
              (10 damage)
             ... on level 1 of the Lair of Beasts on Dec 15, 2023.
             The game lasted 00:44:20 (8740 turns).

Skeral the Gouger (Felid Shapeshifter)              Turns: 8740, Time: 00:44:21

Health: -3/66      AC:  2    Str: 18    XL:     11   Next: 53%
Magic:  13/15      EV: 19    Int: 14    God:    Gozag
Gold:   739        SH:  0    Dex: 18    Spells: 9/15 levels left
                                        Lives:  0   Deaths: 4

rFire   . .          .
                       - Unarmed
rCold   . . .        (shield unavailable)
rNeg    . . .        (body armour unavailable)
rPois   +            (helmet unavailable)
rElec   .            (cloak unavailable)
rCorr   .            (gloves unavailable)
SInv    +            (boots unavailable)
Will    +....        u - amulet of Noggao {rPois Regen+ Str+8 Dex-2}
Stlth   ++           (no ring)
HPRegen 1.11/turn    (no ring)
MPRegen 0.14/turn

%: no passive effects
@: confusing by touch, about to teleport, beast-form, slowed, very slow
A: beast (slay +2), very small, claws 1, fangs 3, see invisible, shaggy fur 2,
stealthy paws, no weapons or thrown items, no armour, multi-lived
a: Begin Untransformation, Renounce Religion, Potion Petition, Call Merchant,
Bribe Branch


You were on level 1 of the Lair of Beasts.
You worshipped Gozag.
Gozag was pleased with you.
You were a hulking beast.
You visited 3 branches of the dungeon, and saw 11 of its levels.
You also visited: Ossuary.

You collected 1828 gold pieces.
You paid 1089 gold pieces to Gozag.


Innate Abilities, Weirdness & Mutations

You are a hulking beast.
Your limbs bulge with bestial killing power. (Slay +2)
You have sharp claws.
You have razor-sharp teeth.
You have supernaturally acute eyesight. (SInv)
You are covered in thick fur. (AC +2)
Your paws help you pounce on unaware monsters.
You are incapable of wielding weapons or throwing items.
You cannot wear armour.
You gain extra lives every three experience levels.


   Skills:
 + Level 11.9 Fighting
 - Level 5.0 Dodging
 - Level 3.0 Stealth
 - Level 12.0 Unarmed Combat
 - Level 2.5 Spellcasting
 - Level 8.0 Hexes
 - Level 4.0 Shapeshifting


You had 9 spell levels left.
You knew the following spells:

 Your Spells              Type           Power      Damage    Failure   Level
b - Sigil of Binding      Hex            24%        N/A       2%          3
c - Confusing Touch       Hex            24%        N/A       2%          3

Your spell library contained the following spells:

 Spells                   Type           Power      Damage    Failure   Level
 Slow                     Hex            96%        N/A       1%          1
 Dazzling Flash           Conj/Hex       24%        N/A       13%         3
 Inner Flame              Hex/Fire       12%        N/A       13%         3
 Freeze                   Ice            4%         1d3       22%         1
 Poisonous Vapours        Pois/Air       2%         N/A       34%         2
 Frozen Ramparts          Ice            2%         1d1       56%         3
 Hailstorm                Conj/Ice       1%         3d5       56%         3
 Mephitic Cloud           Conj/Pois/Air  1%         N/A       56%         3
 Ozocubu's Armour         Ice            1%         N/A       56%         3
 Vampiric Draining        Necr           1%         2d6       56%         3
 Metabolic Englaciation   Hex/Ice        6%         N/A       77%         5
 Silence                  Hex/Air        6%         N/A       77%         5
 Yara's Violent Unravell  Hex/Tmut       6%         3d5       77%         5
 Flame Wave               Conj/Fire      1%         2d4       92%         4
 Manifold Assault         Tloc           1%         N/A       92%         4
 Sticky Flame             Conj/Fire      1%         2d3       92%         4
 Agony                    Necr           1%         N/A       99%         5
 Freezing Cloud           Conj/Ice/Air   0%         6-21      99%         5
 Dispersal                Tloc           0%         N/A       100%        6
 Enfeeble                 Hex            12%        N/A       100%        7
 Ozocubu's Refrigeration  Ice            0%         4d7       100%        7
 Disjunction              Tloc           0%         N/A       100%        8
 Polar Vortex             Ice            0%         N/A       100%        9
 Simulacrum               Ice/Necr       Unusable   N/A       N/A         6

Inventory:

Jewellery
 g - an amulet of regeneration
   (You found it on level 4 of the Dungeon)
 u - the amulet of Noggao (around neck) {rPois Regen+ Str+8 Dex-2}
   (You found it in an ossuary)

   [amulet of regeneration]

   Str+8:     It affects your strength (+8).
   Dex-2:     It affects your dexterity (-2).
   rPois:     It protects you from poison Regen+: It increases your rate of
   health regeneration.
 C - a ring of ice
   (You took it off an orc on level 3 of the Dungeon)
 F - a ring of fire
   (You found it on level 3 of the Dungeon)
 P - a ring of poison resistance
   (You found it on level 8 of the Dungeon)
 Z - a ring of wizardry
   (You found it on level 5 of the Dungeon)
Talismans
 b - a beast talisman (active)
 c - a flux talisman
Wands
 o - a wand of mindburst (7)
   (You took it off a hobgoblin on level 4 of the Dungeon)
Scrolls
 d - a scroll of revelation
 j - 2 scrolls of poison {!r}
 l - 2 scrolls of immolation {!r!r}
 n - a scroll of fog
 r - a scroll of fear {unknown}
 s - a scroll of enchant weapon {unknown}
 y - a scroll of noise {unknown}
 B - a scroll of blinking {!r}
Potions
 a - a potion of mutation {unknown}
 e - a potion of might {unknown}
 f - 4 potions of curing {@q1}
 h - a potion of invisibility {unknown}
 k - 3 potions of brilliance {unknown}
 m - 4 potions of haste {unknown}
 p - a potion of attraction {unknown}
 t - a potion of enlightenment {unknown}
 v - a potion of heal wounds {unknown}
 w - 2 potions of ambrosia
 x - 2 potions of lignification {!q}
 z - a potion of magic {unknown}
 A - a potion of resistance {unknown}

Dungeon Overview and Level Annotations

Branches:
Dungeon (9/15) Zot: 26912  Temple (1/1) D:5 Zot: 5965    Lair (1/5) D:8 Zot: 11441
Ossuary (visited)
    Orc: D:9-12

Altars:
Ashenzari
Cheibriados
Dithmenos
Elyvilon
Fedhas
Gozag
Kikubaaqudgha
Nemelex Xobeh
Okawaru
Qazlal
Uskayaw
Wu Jian
Xom
Yredelemnul
Zin
The Shining One

Annotations:
D:4 Natasha
D:5 1 runed translucent door, Crazy Yiuf
D:7 4 runed translucent doors
Lair:1 1 runed translucent door, JumbleTraveling's ghost, journeyman GnAr; Sonja

. #..##.########...###.
##.#### ##..# #. #.# #...####
# #.## ### ##..P##. .#$
##..###.#######..#### .... ##
#.................###
+...#P###...................
##.........K.................
...........Sh................
.##..####................#.##
# #................###
#..###P#########.# #..# ###
#..# #..# #.## #..# .P P..#


You could see a black mamba and Sonja.


Message History

😕 HP[+1] MP[+1]
Your mp is fully restored (15).
You now have 720 gold pieces (gained 7). 😕 HP[+2]
You regained 2 hp, and now have 62/66 hp. 😕 HP[+1] 😕 HP[+1] 😕 HP[+1] 😎 HP[+1]
Your hp is fully restored (66).
A nearby fungus withers and dies.
Casting: Confusing Touch (dangerous; 2% risk of failure)
Confirm with . or Enter, or press ? or * to list all spells.
Your paws begin to glow red.
The polar bear growls angrily. 😎 MP[-3]
You lost 3 mp, and now have 12/15 mp.
You scratch the polar bear but do no damage.
The polar bear appears confused.
You bite the polar bear. The polar bear completely misses you.
The polar bear misses you. x2
You catch the helpless polar bear completely off-guard!
You eviscerate the polar bear!!!
You kill the polar bear!
You now have 739 gold pieces (gained 19). 😎 MP[+1] 😎 MP[+1] 😎 MP[+1]
Your mp is fully restored (15).
Sonja, the Graceful Assassin comes into view.
She is wielding a +2 short sword of distortion and quivering curare-tipped darts.
Sonja shouts!
You hear an angry hiss.
Casting: Confusing Touch (dangerous; 2% risk of failure)
Confirm with . or Enter, or press ? or * to list all spells.
Your paws begin to glow red. 😎 MP[-3]
You lost 3 mp, and now have 12/15 mp.
A black mamba comes into view.
The black mamba hisses angrily.
Sonja throws a curare-tipped dart.
The curare-tipped dart hits you.
You are poisoned.
You have difficulty breathing.
You feel yourself slow down.
Sonja throws a curare-tipped dart.
The curare-tipped dart hits you.
You have difficulty breathing.
You feel as though you will be slow longer. 😕 HP[-10]
You take 10 damage, and now have 56/66 hp.
You feel very sick.
The black mamba barely misses you. 😕 HP[-2]
You take 2 damage, and now have 54/66 hp.
You closely miss Sonja.
You feel sick. The black mamba completely misses you. Sonja misses you.
Sonja closely misses you. Sonja misses you. The black mamba barely misses you.
Sonja barely misses you. Sonja misses you. Sonja closely misses you.
You completely miss Sonja. Your bite misses Sonja.
You feel sick.
The black mamba bites you but does no damage.
The black mamba closely misses you.
Sonja hits you with a +2 short sword of distortion!
You blink. 😮 HP[-8]
You take 8 damage, and now have 46/66 hp.
Aiming: Mindburst
Press: ? - help, Shift-Dir - straight line, f - black mamba
Aim: a black mamba (chance to confuse on hit: 55%, chance to affect: 64%)
The black mamba struggles to resist.
You feel sick. 😮 HP[+1] MP[+1]
Aiming: Mindburst
Press: ? - help, Shift-Dir - straight line, f/p - black mamba
Aim: a black mamba (chance to confuse on hit: 55%, chance to affect: 64%)
The black mamba struggles to resist.
You feel sick.
You are no longer poisoned.
The black mamba closely misses you. 😮 HP[-1]
You take 1 damage, and now have 46/66 hp.
You scratch the black mamba but do no damage.
The black mamba misses you.
Sonja hits you with a +2 short sword of distortion.
Space warps horribly around you!!
* * * LOW HITPOINT WARNING * * *
Sonja hits you with a +2 short sword of distortion.
* * * LOW HITPOINT WARNING * * *
Space warps around you.
* * * LOW HITPOINT WARNING * * *
Sonja barely misses you. The black mamba misses you. 😨 HP[-27]
You take 27 damage, and now have 19/66 hp.
MASSIVE DAMAGE!! (PAUSE)
As you read the scroll of teleportation {@r4}, it crumbles to dust.
You feel strangely unstable. The black mamba misses you.
Sonja hits you with a +2 short sword of distortion!
* * * LOW HITPOINT WARNING * * *
Space warps around you.
* * * LOW HITPOINT WARNING * * *
Sonja hits you with a +2 short sword of distortion.
* * * LOW HITPOINT WARNING * * *
Space warps horribly around you!
You die...
Sonja applauds herself.
Your body crumbles into a pile of gold.

Skill      XL: |  1  2  3  4  5  6  7  8  9 10 11 |
---------------+----------------------------------+-----
Fighting       | 2 3 6 7 9 10 11 | 11.9
Stealth        | 1 3 |  3.0
Unarmed Combat | 4 5 6 7 8 9 11 12 | 12.0
Hexes          | 3 6 8 |  8.0
Spellcasting   | 1 2 |  2.5
Dodging        | 3 5 |  5.0
Shapeshifting  | 3 4 |  4.0

Action                     |  1- 3 |  4- 6 |  7- 9 | 10-12 || total
---------------------------+-------+-------+-------+-------++-------
  Melee: Unarmed           |    79 |    88 |   258 |   363 ||   788
         Bite              |     7 |    11 |    44 |    43 ||   105
         Punch             |     2 |     1 |    15 |    23 ||    41
   Cast: Confusing Touch   |       |       |       |     8 ||     8
         Sigil of Binding  |       |       |       |     1 ||     1
 Invoke: Potion Petition   |       |       |       |     2 ||     2
  Evoke: Wand              |       |     3 |     5 |    14 ||    22
    Use: Potion            |     1 |       |     1 |     5 ||     7
         Scroll            |       |     5 |     4 |     5 ||    14
   Stab: Sleeping          |     6 |     2 |     9 |     4 ||    21
         Distracted        |       |       |       |     3 ||     3
         Invisible         |       |       |       |     2 ||     2
         Confused          |       |       |       |     6 ||     6
 Armour: Skin              |    27 |    31 |    97 |   181 ||   336
  Dodge: Dodged            |    39 |    58 |   172 |   302 ||   571
   Form: Beast             |     1 |       |       |       ||     1
         Flux              |     1 |       |       |       ||     1

Levels and vault maps discovered:
D:1:      mrwooster_arrival_statue_3, layout_loops_ring
D:2:      layout_basic, st_stairs_1
D:3:      layout_rooms, minmay_checkerbox
D:4:      layout_loops_ring, minmay_starry_boxes, uniq_natasha
D:5:      layout_basic, minmay_temple_entry_statues_fountains,
          uniq_crazy_yiuf_cottage, uniq_pikel
D:6:      kennysheep_steamy, layout_loops_ring, minmay_bent
D:7:      layout_loops_ring, minmay_hollow_rounded_squares
D:8:      cheibrodos_fzero, layout_loops_corners, kennysheep_mini_moat,
          dpeg_oklobed_lair, gup_ossuary_entry_pyramid, uniq_jeremiah
D:9:      layout_big_octagon, minitemple, nicolae_wu_jian_wuxing_cycle,
          lightli_orcish_oven
Temple:   nicolae_temple_ecumenical_triangle
Lair:1:   layout_chaotic_city, ebering_ghost_xom, cheibrodos_lair_lostbears,
          grunt_megastairs_2, infiniplex_staircase_pool_2, uniq_sonja

Notes
Turn   | Place    | Note
-------+----------+-------------------------------------------
     0 | D:1      | Skeral the Felid Shapeshifter began the quest for the Orb.
     0 | D:1      | Reached XP level 1. HP: 10/10 MP: 2/2
     0 | D:1      | magus.rc [v1.10.3]
   153 | D:1      | Reached XP level 2. HP: 14/14 MP: 3/3
   440 | D:1      | Reached skill level 2 in Fighting
   947 | D:2      | Reached XP level 3. HP: 18/18 MP: 4/4
  1216 | D:2      | You pick up a book of the Warp and begin reading...
  1216 | D:2      | You add the spells Manifold Assault, Dispersal and
                  | Disjunction to your library.
  1235 | D:2      | HP: 3/27 [acid (5)]
  1236 | D:2      | HP: 1/27 [acid (2)]
  1238 | D:2      | Reached skill level 1 in Stealth
  1443 | D:2      | magus.rc [v1.10.3]
  1463 | D:3      | Reached XP level 4. HP: 23/23 MP: 5/5
  1482 | D:3      | You pick up a book of the Senses and begin reading...
  1482 | D:3      | You add the spells Dazzling Flash, Agony and Silence to
                  | your library.
  1611 | D:3      | Reached skill level 2 in Stealth
  1611 | D:3      | Reached skill level 4 in Unarmed Combat
  2034 | D:4      | Noticed a scorpion
  2044 | D:4      | Killed a scorpion
  2045 | D:4      | Reached skill level 3 in Fighting
  2045 | D:4      | Reached skill level 3 in Stealth
  2045 | D:4      | Reached XP level 5. HP: 22/28 MP: 6/6
  2052 | D:4      | You pick up a book of Misfortune and begin reading...
  2052 | D:4      | You add the spells Inner Flame, Yara's Violent Unravelling
                  | and Enfeeble to your library.
  2096 | D:4      | Noticed Natasha
  2283 | D:4      | Noticed an ogre
  2308 | D:4      | Slain by an ogre
  2371 | D:4      | Reached skill level 5 in Unarmed Combat
  2371 | D:4      | Gained mutation: You are covered in thick fur. (AC +2)
                  | [Felid growth]
  2371 | D:4      | Reached XP level 6. HP: 33/33 MP: 7/7
  2459 | D:4      | Reached skill level 4 in Fighting
  2760 | D:5      | Entered Level 5 of the Dungeon
  2775 | D:5      | Noticed Pikel
  2781 | D:5      | Killed Pikel
  2782 | D:5      | Reached skill level 6 in Fighting
  2782 | D:5      | Reached skill level 6 in Unarmed Combat
  2782 | D:5      | Reached XP level 7. HP: 15/40 MP: 8/8
  2960 | D:5      | Reached skill level 7 in Unarmed Combat
  3028 | D:5      | Found a runed translucent door.
  3029 | D:5      | Noticed Crazy Yiuf
  3054 | D:5      | Reached XP level 8. HP: 39/44 MP: 9/9
  3076 | D:5      | Found a staircase to the Ecumenical Temple.
  3086 | Temple   | Entered the Ecumenical Temple
  3103 | Temple   | Became a worshipper of Gozag Ym Sagoz the Greedy
  3296 | D:5      | HP: 1/45 [ogre/+0 giant club (22)]
  3300 | D:5      | Reached skill level 7 in Fighting
  3429 | D:5      | You pick up a book of Debilitation and begin reading...
  3429 | D:5      | You add the spells Slow, Sigil of Binding, Vampiric
                  | Draining and Confusing Touch to your library.
  3514 | D:5      | Reached skill level 8 in Unarmed Combat
  3833 | D:6      | Reached skill level 1 in Hexes
  3977 | D:6      | Reached skill level 1 in Spellcasting
  3982 | D:6      | Reached skill level 2 in Hexes
  3991 | D:6      | You pick up a book of Flames and begin reading...
  3991 | D:6      | You add the spells Sticky Flame and Flame Wave to your
                  | library.
  4046 | D:6      | Reached skill level 3 in Hexes
  4046 | D:6      | Reached XP level 9. HP: 51/51 MP: 12/12
  4075 | D:6      | Reached skill level 2 in Spellcasting
  4199 | D:6      | You pick up a book of Frost and begin reading...
  4199 | D:6      | You add the spells Freeze, Frozen Ramparts and Hailstorm to
                  | your library.
  4547 | D:6      | Reached skill level 4 in Hexes
  4554 | D:6      | Reached skill level 8 in Fighting
  4670 | D:7      | Found a large runed translucent door.
  4670 | D:7      | Found a large runed translucent door.
  4794 | D:7      | Reached skill level 5 in Hexes
  4887 | D:7      | Found a large runed translucent door.
  4887 | D:7      | Found a large runed translucent door.
  4905 | D:7      | Reached skill level 9 in Unarmed Combat
  4919 | D:7      | Noticed a gargoyle
  4990 | D:7      | Reached skill level 6 in Hexes
  5216 | D:7      | You pick up a book of Vapours and begin reading...
  5216 | D:7      | You add the spells Poisonous Vapours, Mephitic Cloud and
                  | Freezing Cloud to your library.
  5312 | D:7      | Reached skill level 9 in Fighting
  5365 | D:7      | Learned a level 3 spell: Confusing Touch
  5369 | D:7      | Learned a level 3 spell: Sigil of Binding
  5411 | D:7      | Reached skill level 3 in Dodging
  5663 | D:7      | Noticed a deep elf pyromancer
  5669 | D:7      | Killed a deep elf pyromancer
  5670 | D:7      | Reached XP level 10. HP: 38/58 MP: 14/14
  5690 | D:7      | Identified the staff "Bubral" {rPois MP+9 Poison}
  5756 | D:8      | Noticed a two-headed ogre
  5768 | D:8      | HP: 6/58 [two-headed ogre/+0 giant club (17)]
  5774 | D:8      | Killed a two-headed ogre
  5775 | D:8      | Reached skill level 4 in Dodging
  5775 | D:8      | Reached skill level 10 in Unarmed Combat
  5775 | D:8      | Reached skill level 7 in Hexes
  6028 | D:8      | Reached skill level 5 in Dodging
  6061 | D:8      | You pick up a book of Winter and begin reading...
  6061 | D:8      | You add the spells Ozocubu's Armour and Metabolic
                  | Englaciation to your library.
  6106 | D:8      | Noticed Jeremiah
  6204 | D:8      | Found a sand-covered staircase.
  6216 | Ossuary  | Entered an ossuary
  6489 | Ossuary  | Reached skill level 8 in Hexes
  6508 | Ossuary  | Identified the amulet of Noggao {rPois Regen+ Str+8 Dex-2}
  6579 | D:8      | Identified the +1 robe of Lucidity {rElec rCorr Slay+6
                  | Archmagi}
  6590 | D:8      | Reached skill level 10 in Fighting
  6695 | D:8      | HP: 12/49 [Jeremiah/divine providence (10)]
  6728 | D:7      | magus.rc [v1.10.3]
  6734 | D:8      | Found a staircase to the Lair.
  7002 | D:9      | Found an ornate altar of the Wu Jian Council.
  7064 | D:8      | Reached skill level 11 in Unarmed Combat
  7184 | D:8      | HP: 11/60 [troll (18)]
  7184 | D:8      | Slain by a troll
  7247 | D:8      | Found a broken altar of Ashenzari.
  7341 | D:8      | Killed Jeremiah
  7342 | D:8      | Reached skill level 3 in Shapeshifting
  7494 | D:8      | Reached XP level 11. HP: 57/64 MP: 15/15
  7542 | D:8      | magus.rc [v1.10.3]
  7896 | D:9      | You pick up a book of Ice and begin reading...
  7896 | D:9      | You add the spells Ozocubu's Refrigeration and Polar Vortex
                  | to your library.
  7944 | D:9      | Noticed a two-headed ogre
  8068 | D:9      | HP: 9/64 [acid dragon/splash of acid (24)]
  8070 | D:9      | HP: 2/64 [acid dragon (3)]
  8072 | D:9      | Mangled by a yak
  8139 | Lair:1   | Entered Level 1 of the Lair of Beasts
  8176 | D:8      | Upgraded the game from 0.31-a0-1206-g41278d8d1d to
                  | 0.31-a0-1227-g0136665373
  8176 | D:8      | magus.rc [v1.10.3]
  8198 | Lair:1   | Reached skill level 11 in Fighting
  8231 | Lair:1   | HP: 16/65 [wolf (2)]
  8233 | Lair:1   | HP: 5/65 [wolf (4)]
  8235 | Lair:1   | Slain by a wolf
  8290 | Lair:1   | Reached skill level 4 in Shapeshifting
  8322 | Lair:1   | HP: 13/65 [komodo dragon (24)]
  8366 | Lair:1   | Found a runed translucent door.
  8366 | Lair:1   | Found a shimmering altar of Xom.
  8366 | Lair:1   | Noticed a +2 rapier of chaos
  8366 | Lair:1   | Noticed JumbleTraveling's ghost (journeyman GnAr)
  8407 | D:8      | Upgraded the game from 0.31-a0-1227-g0136665373 to
                  | 0.31-a0-1237-gabc64e778c
  8407 | D:8      | magus.rc [v1.10.3]
  8583 | Lair:1   | Reached skill level 12 in Unarmed Combat
  8731 | Lair:1   | Noticed Sonja
  8740 | Lair:1   | HP: 13/66 [Sonja/+2 short sword of distortion (7)]
  8740 | Lair:1   | Slain by Sonja

Vanquished Creatures
  A two-headed ogre (D:8)
  Pikel (D:5)
  A deep elf pyromancer (D:7)
  Jeremiah (D:8)
  A cane toad (Lair:1)
  3 komodo dragons (Lair:1)
  2 rime drakes (Lair:1)
  4 polar bears (Lair:1)
  2 trolls (D:8)
  2 hornets (D:8)
  A wyvern (D:7)
  A basilisk (Lair:1)
  4 yaks
  4 steam dragons
  6 water moccasins
  3 sky beasts (D:7)
  4 black bears
  8 ice beasts
  An orc warrior (D:8)
  An ogre (D:5)
  5 wolves (Lair:1)
  4 centaurs
  2 kobold brigands (D:7)
  2 phantoms
  7 bullfrogs
  2 water moccasin zombies (Ossuary)
  3 scorpions
  A wight (D:8)
  3 killer bees (D:8)
  5 howler monkeys
  4 hounds
  2 orc priests (D:8)
  A spectral scorpion (Ossuary)
  3 jellies
  4 sleepcaps
  10 orc wizards
  5 iguanas
  A bullfrog simulacrum (Ossuary)
  3 mummies
  7 gnolls
  5 adders
  A shadow imp (D:7)
  2 white imps
  2 ufetubi (D:6)
  8 adder zombies (Ossuary)
  2 worms
  3 dart slugs
  16 orcs
  7 ball pythons
  3 bats
  7 endoplasms
  5 giant cockroaches
  5 goblins
  5 hobgoblins
  A quokka (D:1)
  2 frilled lizards (D:2)
  6 gnoll zombies (Ossuary)
  2 hobgoblin zombies (Ossuary)
  11 kobolds
  4 kobold zombies (Ossuary)
  5 orc zombies (Ossuary)
  6 rats
233 creatures vanquished.

Table legend:
 A = Non-vault XP
 B = Vault XP
 C = Vault XP percentage of total XP
 D = Non-vault monster count
 E = Vault monster count
 F = Vault count percentage of total count
                 A         B        C        D         E       F
            +---------+---------+-------+---------+---------+-------
      Total |    8570 |    8273 |  49.1 |     140 |      93 |  39.9
            +---------+---------+-------+---------+---------+-------
        D:1 |      34 |       0 |   0.0 |      20 |       0 |   0.0
        D:2 |      59 |       3 |   4.8 |      12 |       3 |  20.0
        D:3 |      64 |       7 |   9.9 |      11 |       4 |  26.7
        D:4 |     322 |     150 |  31.8 |      13 |       4 |  23.5
        D:5 |     829 |     673 |  44.8 |      16 |       1 |   5.9
        D:6 |     411 |     782 |  65.5 |      10 |      10 |  50.0
        D:7 |     926 |    1699 |  64.7 |      15 |      12 |  44.4
        D:8 |    2436 |    2934 |  54.6 |      26 |      19 |  42.2
        D:9 |     393 |       0 |   0.0 |       6 |       0 |   0.0
     Lair:1 |    3096 |    1706 |  35.5 |      11 |       9 |  45.0
    Ossuary |       0 |     319 | 100.0 |       0 |      31 | 100.0
            +---------+---------+-------+---------+---------+-------

Skill      XL: |  1  2  3  4  5  6  7  8  9 10 11 |
---------------+----------------------------------+-----
Fighting       | 2 3 6 7 9 10 11 | 11.9
Stealth        | 1 3 |  3.0
Unarmed Combat | 4 5 6 7 8 9 11 12 | 12.0
Hexes          | 3 6 8 |  8.0
Spellcasting   | 1 2 |  2.5
Dodging        | 3 5 |  5.0
Shapeshifting  | 3 4 |  4.0

Action                     |  1- 3 |  4- 6 |  7- 9 | 10-12 || total
---------------------------+-------+-------+-------+-------++-------
  Melee: Unarmed           |    79 |    88 |   258 |   363 ||   788
         Bite              |     7 |    11 |    44 |    43 ||   105
         Punch             |     2 |     1 |    15 |    23 ||    41
   Cast: Confusing Touch   |       |       |       |     8 ||     8
         Sigil of Binding  |       |       |       |     1 ||     1
 Invoke: Potion Petition   |       |       |       |     2 ||     2
  Evoke: Wand              |       |     3 |     5 |    14 ||    22
    Use: Potion            |     1 |       |     1 |     5 ||     7
         Scroll            |       |     5 |     4 |     5 ||    14
   Stab: Sleeping          |     6 |     2 |     9 |     4 ||    21
         Distracted        |       |       |       |     3 ||     3
         Invisible         |       |       |       |     2 ||     2
         Confused          |       |       |       |     6 ||     6
 Armour: Skin              |    27 |    31 |    97 |   181 ||   336
  Dodge: Dodged            |    39 |    58 |   172 |   302 ||   571
   Form: Beast             |     1 |       |       |       ||     1
         Flux              |     1 |       |       |       ||     1

Illustrated notes

Table legend:
 A = Kills in this place as a percentage of kills in the entire game.
 B = Kills by you in this place as a percentage of kills by you in the entire game.
 C = Kills by friends in this place as a percentage of kills by friends in the entire game.
 D = Other kills in this place as a percentage of other kills in the entire game.
 E = Experience gained in this place as a percentage of experience gained in the entire game.
 F = Experience gained in this place divided by the number of levels of this place that you have seen.
                   A       B       C       D       E      F
               +-------+-------+-------+-------+-------+----------------------
         Total | 100.0 | 100.0 |   N/A |   N/A | 100.0 | 1403.6
       Dungeon |  78.1 |  78.1 |   N/A |   N/A |  69.6 | 1302.4
          Lair |   8.6 |   8.6 |   N/A |   N/A |  28.5 | 4802.0
       Ossuary |  13.3 |  13.3 |   N/A |   N/A |   1.9 | 319.0
               +-------+-------+-------+-------+-------+----------------------

Table legend: (Time is in decaauts)
 A = Elapsed time spent in this place.
 B = Non-inter-level travel time spent in this place.
 C = Inter-level travel time spent in this place.
 D = Time resting spent in this place.
 E = Time spent auto-exploring this place.
 F = Levels seen in this place.
 G = Mean time per level.
                   A        B        C        D        E       F      G
               +--------+--------+--------+--------+--------+-----+--------+
         Total |   8610 |   7943 |    667 |    707 |   2658 |  12 |  717.5 |
       Dungeon |   7705 |   7054 |    651 |    549 |   2651 |   9 |  856.1 |
        Temple |     34 |     18 |     16 |      0 |      0 |   1 |   34.0 |
          Lair |    557 |    557 |      0 |     58 |      7 |   1 |  557.0 |
       Ossuary |    313 |    313 |      0 |    100 |      0 |   1 |  313.0 |
               +--------+--------+--------+--------+--------+-----+--------+

Top non-repeatable levels by time:
     D:8: 1823 daAuts
     D:7: 1091 daAuts
     D:6: 908 daAuts
     D:5: 882 daAuts
     D:4: 755 daAuts
     D:1: 734 daAuts
     D:2: 705 daAuts
     D:3: 581 daAuts
  Lair:1: 557 daAuts
 Ossuary: 313 daAuts
     D:9: 223 daAuts
  Temple: 34 daAuts
